 Dungeon Crawl Stone Soup version 0.27.0-1-g7a089689b8 (webtiles) character file.

Game seed: 6873859547955181296

16 Malachi the Scratcher (level 2, -2/12 HPs)
             Began as a Felid Transmuter on Aug 15, 2021.
             Slain by a rat (3 damage)
             ... on level 2 of the Dungeon.
             The game lasted 00:00:52 (498 turns).

Malachi the Scratcher (Felid Transmuter)             Turns: 498, Time: 00:00:53

Health: -2/12      AC:  1    Str:  6    XL:     2   Next: 37%
Magic:  5/6        EV: 17    Int: 14    God:
Gold:   49         SH:  0    Dex: 16    Spells: 4/5 levels left
                                        Lives:  0   Deaths: 0

rFire    . . .     SeeInvis +     - Unarmed
rCold    . . .     Faith    .   (shield unavailable)
rNeg     . . .     Spirit   .   (armour unavailable)
rPois    .         Reflect  .   (helmet unavailable)
rElec    .         Harm     .   (cloak unavailable)
rCorr    .         Rampage  .   (gloves unavailable)
Will     .....                  (boots unavailable)
Stlth    +.........             (no amulet)
HPRegen  0.04/turn              (no ring)
MPRegen  0.10/turn              (no ring)

@: appendages, quick
A: horns 2, very small, claws 1, fangs 3, see invisible, speed 1, shaggy fur 1,
stealthy paws, no weapons or thrown items, no armour, multi-lived
a: End Transformation


You were on level 2 of the Dungeon.
You had temporarily grown beastly horns.
You visited 1 branch of the dungeon, and saw 2 of its levels.

You collected 49 gold pieces.

Inventory:

Scrolls
 c - a scroll of amnesia {unknown}
Potions
 a - a potion of lignification {unknown}
 b - 2 potions of curing {unknown}


   Skills:
 + Level 1.0 Fighting
 + Level 2.9 Dodging
 + Level 3.4 Unarmed Combat
 + Level 2.1 Spellcasting
 + Level 2.5 Transmutations


You had 4 spell levels left.
You knew the following spells:

 Your Spells              Type           Power      Damage    Failure   Level
a - Beastly Appendage     Tmut           16%        N/A       9%          1

Your spell library contained the following spells:

 Spells                   Type           Power      Damage    Failure   Level
 Wereblood                Tmut           8%         N/A       13%         2
 Spider Form              Tmut/Pois      2%         N/A       38%         3
 Ice Form                 Ice/Tmut       5%         N/A       80%         4


Dungeon Overview and Level Annotations

Branches:
Dungeon (2/15)

Altars:


Innate Abilities, Weirdness & Mutations

You have temporarily grown beastly horns.
You have sharp claws.
You have razor-sharp teeth.
You have supernaturally acute eyesight. (SInv)
You cover ground quickly. (Speed+)
You are covered in fur. (AC +1)
Your paws help you pounce on unaware monsters.
You are incapable of wielding weapons or throwing items.
You cannot wear armour.
You gain extra lives every three experience levels.


Message History

Search for what [? for help]? gloves An endoplasm and a goblin come into view.
The goblin shouts!
Found a dagger.
A hobgoblin comes into view.
The bat hits you but does no damage.
Casting: Beastly Appendage (safe; 9% risk of failure)
Confirm with . or Enter, or press ? or * to list all spells.
You grow a pair of large bovine horns.
The hobgoblin shouts!
The bat closely misses you.
You scratch the bat.
You kill the bat!
The endoplasm freezes you.
You are frozen.
You scratch the endoplasm.
The endoplasm is severely wounded.
The endoplasm freezes you.
You are frozen.
* * * LOW HITPOINT WARNING * * *
You are too injured to fight recklessly!
You are too injured to fight recklessly!
You are too injured to fight recklessly!
You see here a +0 pair of gloves.
The endoplasm jiggles.
Your transformation is almost over.
Your horns disappear.
There is a stone staircase leading down here.
You climb downwards.
A rat and a hobgoblin come into view.
Found a stone staircase leading down.
There is a stone staircase leading up here.
Found 10 gold pieces.
You closely miss the rat. You bite the rat, but do no damage.
The rat bites you.
* * * LOW HITPOINT WARNING * * *
Casting: Beastly Appendage (safe; 9% risk of failure)
Confirm with . or Enter, or press ? or * to list all spells.
You grow a pair of large bovine horns.
The rat bites you.
You die...

...#.###
..#.#..
#+#.#...#
#$..g...#
#.....#.#
#.......###.#
#...#.......#
#...@<.....#
#.#r#.####.#
...#...
#.#...##.#
.......# #
##. #..># .
...## .# ###


You could see a rat.

Vanquished Creatures
  A dart slug (D:1)
  3 giant cockroaches (D:1)
  2 hobgoblins (D:1)
  2 quokkas (D:1)
  2 bats (D:1)
  A frilled lizard (D:1)
  2 rats (D:1)
13 creatures vanquished.

Notes
Turn   | Place    | Note
-------+----------+-------------------------------------------
     0 | D:1      | Malachi the Felid Transmuter began the quest for the Orb.
     0 | D:1      | Reached XP level 1. HP: 9/9 MP: 4/4
   306 | D:1      | Reached XP level 2. HP: 12/12 MP: 3/6
   498 | D:2      | Slain by a rat

Illustrated notes

Levels and vault maps discovered:
D:1:      nzn_arrival_water_spiral, layout_rooms,
          shapermc_ecumenical_altar_petra
D:2:      cheibrodos_greedy_goblins, layout_basic, basic_altar

Action                   || total
-------------------------++-------
Melee: Unarmed           ||    28
       Headbutt          ||     5
       Bite              ||     1
 Cast: Beastly Appendage ||     9
Armor: Skin              ||     7
Dodge: Dodged            ||    20
